 Dungeon Crawl Stone Soup version 0.15.2 (webtiles) character file.

49 ztt the Firebug (level 3, -3/21 HPs)
             Began as an Octopode Fire Elementalist on Nov 6, 2014.
             Slain by Terence
             ... wielding a +0 flail
              (8 damage)
             ... on Level 2 of the Dungeon.
             The game lasted 00:03:10 (1541 turns).

ztt the Firebug (Octopode Fire Elementalist)        Turns: 1541, Time: 00:03:10

HP  -3/21        AC  1     Str  7      XL: 3   Next: 77%
MP   4/6         EV 12     Int 18      God:
Gold 18          SH  0     Dex 12      Spells:  3 memorised,  0 levels left

rFire  . . .     SeeInvis .     (no weapon)
rCold  . . .     Clarity  .     (no shield)
rNeg   . . .     rCorr    .     (helmet restricted)
rPois  .         rRot     .     (no amulet)
rElec  .         Spirit   .     (no ring)
SustAb .         Warding  .     (no ring)
rMut   .         Stasis   .     (no ring)
Gourm  .                        (no ring)
MR     .....                    (no ring)
                                (no ring)
                                (no ring)
                                (no ring)

@: very slightly contaminated, not resistant to hostile enchantments, fairly
stealthy
A: almost no armour, amphibious, 8 rings, constrict 8, camouflage 1, gelatinous
body 1
a: no special abilities


You were on level 2 of the Dungeon.
You were not hungry.

You visited 1 branch of the dungeon, and saw 2 of its levels.

You collected 18 gold pieces.

Inventory:

Comestibles
 a - a rotting chunk of jackal flesh
 c - a bread ration
Scrolls
 e - a scroll of identify
Potions
 d - a potion of invisibility
Books
 b - a book of Flames

   Spells                             Type                      Level
   *Flame Tongue                      Conjuration/Fire             1
   *Throw Flame                       Conjuration/Fire             2
   *Conjure Flame                     Conjuration/Fire             3
   Inner Flame                        Hexes/Fire                   3
   Sticky Flame                       Conjuration/Fire             4
   Fireball                           Conjuration/Fire             5


   Skills:
 + Level 0.2 Fighting
 + Level 2.2 Dodging
 + Level 2.8 Stealth
 + Level 2.3 Spellcasting
 + Level 1.6 Conjurations
 + Level 3.8 Fire Magic


You couldn't memorise any spells.
You knew the following spells:

 Your Spells              Type           Power        Failure   Level  Hunger
a - Flame Tongue          Conj/Fire      ##...        8%          1    #......
b - Conjure Flame         Conj/Fire      ##......     21%         3    ###....
c - Throw Flame           Conj/Fire      ##....       12%         2    ##.....


Dungeon Overview and Level Annotations

Branches:
Dungeon (2/15)

Altars:

Annotations:
D:2 Terence


Innate Abilities, Weirdness & Mutations

You cannot wear most types of armour.
You are amphibious.
You can wear up to eight rings at the same time.
You can use your tentacles to constrict many enemies at once.
Your skin changes colour to match your surroundings (Stealth).
Your rubbery body absorbs attacks (AC +1).


Message History

The worm is moderately wounded.
The worm bites you!
* * * LOW HITPOINT WARNING * * *
Casting: Flame Tongue
Confirm with . or Enter, or press ? or * to list all spells.
Aiming: Flame Tongue
Press: ? - help, Shift-Dir - straight line, f/p - worm
Aim: a worm (moderately wounded)
You miscast Flame Tongue.
You are very lightly contaminated with residual magic.
You feel uncomfortably hot. The worm closely misses you.
Terence the Incautious comes into view.
He is wielding a flail.
Terence shouts!
A rat comes into view.
A worm comes into view.
Found a hand axe.
A gnoll comes into view. It is wielding a glowing whip.
A goblin comes into view. It is wielding a dagger.
Terence hits you with a flail!
You die...

###..#. . ######....
.... .##........#
.....
.........g.##......
..............r.....
#.......r..###(......
#...##.#w##..........
#..).....@............
#g..#...@##.w......#.
#.....................
...#.#####<%......##
.# ## #........#
#........# #........#
#........ ####.### .#


You could see a worm, Terence, a gnoll and a rat.

Vanquished Creatures
  An adder (D:2)
  A giant mite (D:1)
  A giant gecko (D:1)
  4 bats (D:1)
  A giant cockroach (D:1)
  5 goblins (D:1)
  3 hobgoblins (D:1)
  10 jackals (D:1)
  A kobold (D:1)
  3 giant newts (D:1)
  A rat (D:1)
31 creatures vanquished.

Notes
Turn   | Place    | Note
--------------------------------------------------------------
     0 | D:1      | ztt, the Octopode Fire Elementalist, began the quest for the Orb.
     0 | D:1      | Reached XP level 1. HP: 11/11 MP: 3/3
   364 | D:1      | Reached XP level 2. HP: 17/17 MP: 0/4
   965 | D:1      | Reached XP level 3. HP: 21/21 MP: 3/6
   971 | D:1      | Learned a level 3 spell: Conjure Flame
   974 | D:1      | Learned a level 2 spell: Throw Flame
  1533 | D:2      | Noticed Terence
  1541 | D:2      | Slain by Terence

Action                   || total
-------------------------++-------
Melee: Unarmed           ||    14
 Cast: Flame Tongue      ||    54
  Use: Scroll            ||     4
  Eat: Chunk             ||     2
